[Event "9th Bangabandhu Blitz Women 2021"]
[Site "Dhaka"]
[Date "2021.04.03"]
[Round "1.3"]
[White "Sultana, Zakia"]
[Black "Jannatul, Ferdousi"]
[Result "1-0"]
[ECO "D02"]
[WhiteElo "1786"]
[BlackElo "1553"]
[Annotator "NA RC"]
[PlyCount "103"]
[EventDate "2021.04.02"]
[EventType "swiss"]
[EventCountry "BAN"]
[SourceTitle "playchess.com"]
[Source "ChessBase"]
[SourceQuality "1"]
[TimeControl "1500+10"]

1. d4 d5 2. Nf3 Bf5 3. Bf4 e6 4. e3 Nf6 5. Nbd2 Bd6 6. Bg3 c5 7. c3 O-O 8. Be2 Nc6 9. Ne5 Bxe5 10. dxe5 Nd7 11. f4 f6 12. exf6 Nxf6 13. Qc1 Ne4 14. Nxe4 Bxe4 15. O-O Qe7 16. Bf3 Bxf3 17. Rxf3 e5 18. Qd2 Rad8 19. Raf1 e4 20. R3f2 d4 21. cxd4 cxd4 22. Re1 dxe3 23. Qxe3 Rfe8 24. a3 Rd3 25. Qe2 e3 26. Qxd3 exf2+ 27. Bxf2 Qf7 28. Rxe8+ Qxe8 29. Qd5+ Kh8 30. g3 h6 31. b4 Qe2 32. b5 Na5 33. Qd8+ Kh7 34. Qxa5 Qd1+ 35. Kg2 Qd5+ 36. Kg1 Qd1+ 37. Qe1 Qb3 38. Qe4+ Kh8 39. a4 Qd1+ 40. Kg2 Qd2 41. h4 Qb2 42. Qxb7 Qa3 43. Qb8+ Kh7 44. Qxa7 Qa2 45. Qd4 Qc2 46. b6 Qc6+ 47. Kh2 Qc2 48. b7 Qb3 49. Qe4+ Kh8 50. Kg2 Qb2 51. a5 Qb5 52. a6 1-0

[Event "9th Bangabandhu Blitz Women 2021"]
[Site "Dhaka"]
[Date "2021.04.03"]
[Round "2.3"]
[White "Wadifa, Ahmed"]
[Black "Sultana, Zakia"]
[Result "1/2-1/2"]
[ECO "C01"]
[WhiteElo "1595"]
[BlackElo "1786"]
[Annotator "NA RC"]
[PlyCount "87"]
[EventDate "2021.04.02"]
[EventType "swiss"]
[EventCountry "BAN"]
[SourceTitle "playchess.com"]
[Source "ChessBase"]
[SourceQuality "1"]
[TimeControl "1500+10"]

1. e4 e6 2. d4 d5 3. Nc3 Nf6 4. exd5 exd5 5. Bd3 Be7 6. Nge2 c6 7. O-O O-O 8. Bf4 Bg4 9. h3 Bh5 10. Bg3 Bg6 11. Nf4 Bxd3 12. Nxd3 Nbd7 13. Re1 Re8 14. Ne5 Bf8 15. Bh2 Nxe5 16. Rxe5 Qd7 17. Qe2 h6 18. Re1 Rxe5 19. Bxe5 Qf5 20. Nd1 Re8 21. Ne3 Qg6 22. Bxf6 gxf6 23. Qd2 Bd6 24. c3 Bf4 25. g3 Bxe3 26. Rxe3 Rxe3 27. Qxe3 Qb1+ 28. Kg2 Qxb2 29. Qxh6 Qxc3 30. Qxf6 Qb4 31. Qg5+ Kf8 32. Qh6+ Ke7 33. Qe3+ Kf8 34. Qh6+ Kg8 35. Qg5+ Kf8 36. Qh6+ Ke7 37. Qe3+ Kd7 38. Qf4 Qe7 39. Qb8 Qe4+ 40. Kg1 Qe1+ 41. Kg2 Qe4+ 42. Kg1 Qe1+ 43. Kg2 Qe4+ 44. Kg1 1/2-1/2

[Event "9th Bangabandhu Blitz Women 2021"]
[Site "Dhaka"]
[Date "2021.04.03"]
[Round "2.4"]
[White "Taspia, Tahsin Prima"]
[Black "Nusrat Jahan, Alo"]
[Result "1-0"]
[ECO "C16"]
[WhiteElo "1328"]
[BlackElo "1712"]
[Annotator "NA RC"]
[PlyCount "109"]
[EventDate "2021.04.02"]
[EventType "swiss"]
[EventCountry "BAN"]
[SourceTitle "playchess.com"]
[Source "ChessBase"]
[SourceQuality "1"]
[TimeControl "1500+10"]

1. e4 e6 2. d4 d5 3. Nc3 Bb4 4. e5 Bxc3+ 5. bxc3 Ne7 6. Nf3 O-O 7. Bd3 Nbc6 8. O-O a6 9. Be3 Qd7 10. c4 Nd8 11. cxd5 exd5 12. c3 c6 13. Qc2 h6 14. h3 Ne6 15. Rab1 Qc7 16. Nh2 f6 17. f4 fxe5 18. fxe5 Bd7 19. Nf3 Nf4 20. Bh7+ Kh8 21. Bxf4 Rxf4 22. Bd3 Raf8 23. Qe2 Nf5 24. Bxf5 Bxf5 25. Rbe1 Be4 26. Nd2 Bg6 27. Rxf4 Rxf4 28. Rf1 Qf7 29. e6 Rxf1+ 30. Nxf1 Qe7 31. Ng3 b6 32. Qe5 b5 33. Nf5 Bxf5 34. Qxf5 Kg8 35. Kf2 Qf6 36. Qxf6 gxf6 37. Ke3 Kf8 38. Kf4 Ke7 39. Kf5 a5 40. g4 b4 41. cxb4 axb4 42. h4 c5 43. dxc5 d4 44. Ke4 d3 45. Kxd3 Kxe6 46. Kc4 Kd7 47. Kxb4 Kc6 48. a4 Kc7 49. a5 Kb7 50. Kb5 Kc7 51. a6 Kb8 52. Kb6 Ka8 53. c6 h5 54. c7 hxg4 55. c8=Q# 1-0

[Event "9th Bangabandhu Blitz Women 2021"]
[Site "Dhaka"]
[Date "2021.04.03"]
[Round "3.2"]
[White "Israt, Jahan Diba"]
[Black "Taspia, Tahsin Prima"]
[Result "1-0"]
[ECO "C54"]
[WhiteElo "1675"]
[BlackElo "1328"]
[Annotator "NA RC"]
[PlyCount "41"]
[EventDate "2021.04.02"]
[EventType "swiss"]
[EventCountry "BAN"]
[SourceTitle "playchess.com"]
[Source "ChessBase"]
[SourceQuality "1"]
[TimeControl "1500+10"]

1. e4 e5 2. Nf3 Nc6 3. Bc4 Bc5 4. c3 Nf6 5. d4 exd4 6. e5 Ne4 7. Bb5 dxc3 8. O-O O-O 9. Nxc3 Nxc3 10. bxc3 Re8 11. Qd5 Bb6 12. Bc4 Re6 13. Ng5 Rxe5 14. Qxf7+ Kh8 15. Qh5 Rxg5 16. Bxg5 Qf8 17. Bd3 h6 18. Qg6 Qg8 19. Rae1 d5 20. Re8 Bd7 21. Qh7# 1-0

[Event "9th Bangabandhu Blitz Women 2021"]
[Site "Dhaka"]
[Date "2021.04.03"]
[Round "3.4"]
[White "Nusrat Jahan, Alo"]
[Black "Wadifa, Ahmed"]
[Result "1-0"]
[ECO "B22"]
[WhiteElo "1712"]
[BlackElo "1595"]
[Annotator "NA RC"]
[PlyCount "83"]
[EventDate "2021.04.02"]
[EventType "swiss"]
[EventCountry "BAN"]
[SourceTitle "playchess.com"]
[Source "ChessBase"]
[SourceQuality "1"]
[TimeControl "1500+10"]

1. e4 c5 2. Nf3 e6 3. c3 d5 4. exd5 Qxd5 5. d4 Nf6 6. Be3 cxd4 7. Bxd4 Be7 8. Be2 O-O 9. O-O Nc6 10. h3 Bd7 11. Nbd2 Nxd4 12. Nxd4 Bc6 13. Bf3 Qd7 14. Bxc6 bxc6 15. N2f3 c5 16. Ne5 Qc7 17. Ndf3 Rfd8 18. Qc2 h6 19. Rad1 Nd5 20. c4 Nb4 21. Qa4 Bf6 22. Rxd8+ Rxd8 23. a3 Bxe5 24. axb4 Bxb2 25. b5 Bf6 26. Qb3 Qb6 27. Nh2 g6 28. Ng4 Bg7 29. Qe3 h5 30. Nh2 Rd4 31. Rc1 Rd8 32. Nf3 Rc8 33. Nd2 Kh7 34. Qe2 Bh6 35. Rc2 Bxd2 36. Qxd2 Rd8 37. Qf4 Qb7 38. Qf6 Kg8 39. Qxd8+ Kg7 40. Qd6 Qe4 41. Qd2 Qf5 42. Qc3+ 1-0

[Event "9th Bangabandhu Blitz Women 2021"]
[Site "Dhaka"]
[Date "2021.04.03"]
[Round "4.4"]
[White "Taspia, Tahsin Prima"]
[Black "Jannatul, Ferdous"]
[Result "0-1"]
[ECO "B33"]
[WhiteElo "1328"]
[BlackElo "1710"]
[Annotator "NA RC"]
[PlyCount "88"]
[EventDate "2021.04.02"]
[EventType "swiss"]
[EventCountry "BAN"]
[SourceTitle "playchess.com"]
[Source "ChessBase"]
[SourceQuality "1"]
[TimeControl "1500+10"]

1. e4 c5 2. Nf3 Nc6 3. d4 cxd4 4. Nxd4 Nf6 5. Nc3 a6 6. Be3 e5 7. Nxc6 bxc6 8. Bd3 d5 9. exd5 cxd5 10. Bg5 Be6 11. O-O Be7 12. Re1 e4 13. Be2 O-O 14. Qd4 h6 15. Bh4 Qd6 16. Rad1 Rfd8 17. Bg3 Qb4 18. Qxb4 Bxb4 19. Be5 Nd7 20. Bd4 Bc5 21. Bxc5 Nxc5 22. Rd4 Rd6 23. h3 Rb8 24. b4 Nb7 25. Bc4 dxc4 26. Rexe4 Rxd4 27. Rxd4 Rd8 28. Re4 Rd2 29. Re2 Rxe2 30. Nxe2 Bf5 31. c3 a5 32. b5 Bd7 33. a4 Nc5 34. b6 Bxa4 35. Nd4 Bd7 36. f4 a4 37. Nc2 Bc6 38. Kf2 Ne4+ 39. Ke3 Nxc3 40. Kd4 Ne2+ 41. Kxc4 Nxf4 42. Kc5 Bxg2 43. Kd6 Ne6 44. Na3 g5 0-1

[Event "9th Bangabandhu Blitz Women 2021"]
[Site "Dhaka"]
[Date "2021.04.03"]
[Round "5.1"]
[White "Parveen, Tanima"]
[Black "Noshin, Anjum"]
[Result "0-1"]
[ECO "C54"]
[WhiteElo "1984"]
[BlackElo "1912"]
[Annotator "NA"]
[PlyCount "55"]
[EventDate "2021.04.02"]
[EventType "swiss"]
[EventCountry "BAN"]
[SourceTitle "playchess.com"]
[Source "ChessBase"]
[SourceQuality "1"]
[TimeControl "1500+10"]

1. e4 e5 2. Nf3 Nc6 3. Bc4 Bc5 4. c3 Nf6 5. d4 exd4 6. cxd4 Bb4+ 7. Bd2 Bxd2+ 8. Nbxd2 d5 9. exd5 Nxd5 10. O-O O-O 11. h3 h6 12. Ne4 Re8 13. Ng3 Be6 14. a3 Qf6 15. Re1 Rad8 16. Ne4 Qg6 17. Nh4 Qh7 18. Bd3 g6 19. Bc2 Qg7 20. Nc5 Qxd4 21. Nxe6 Rxe6 22. Rxe6 fxe6 23. Qxd4 Nxd4 24. Bxg6 Nf4 25. Be4 Nb3 26. Re1 c6 27. Bb1 Rd2 28. Ba2 0-1

[Event "9th Bangabandhu Blitz Women 2021"]
[Site "Dhaka"]
[Date "2021.04.03"]
[Round "5.2"]
[White "Jannatul, Ferdous"]
[Black "Sultana, Sharmin Shirin"]
[Result "0-1"]
[ECO "B48"]
[WhiteElo "1710"]
[BlackElo "2006"]
[Annotator "NA"]
[PlyCount "70"]
[EventDate "2021.04.02"]
[EventType "swiss"]
[EventCountry "BAN"]
[SourceTitle "playchess.com"]
[Source "ChessBase"]
[SourceQuality "1"]
[TimeControl "1500+10"]

1. e4 c5 2. Nf3 e6 3. d4 cxd4 4. Nxd4 a6 5. Nc3 Qc7 6. Be3 Nf6 7. a3 b5 8. Bd3 Bb7 9. O-O Nc6 10. Kh1 Nxd4 11. Bxd4 Bc5 12. Bxc5 Qxc5 13. Qe2 d6 14. Rad1 O-O 15. f4 Nd7 16. Rf3 Rfe8 17. Rg3 g6 18. h4 Kh8 19. Rf1 Nf6 20. Rg5 Qc7 21. Qf2 d5 22. e5 Ng8 23. h5 Qe7 24. Qh4 Kg7 25. hxg6 hxg6 26. Qg4 Nh6 27. Qf3 Rh8 28. Kg1 Qc5+ 29. Rf2 Nf5 30. Bxf5 exf5 31. Nd1 Rh6 32. Kf1 Rh1+ 33. Ke2 Qxc2+ 34. Ke3 d4+ 35. Kxd4 Qc4+ 0-1

[Event "9th Bangabandhu Blitz Women 2021"]
[Site "Dhaka"]
[Date "2021.04.03"]
[Round "5.3"]
[White "Nusrat Jahan, Alo"]
[Black "Talukder, Umme Taslima Protiva"]
[Result "0-1"]
[ECO "B50"]
[WhiteElo "1712"]
[BlackElo "1722"]
[Annotator "NA"]
[PlyCount "78"]
[EventDate "2021.04.02"]
[EventType "swiss"]
[EventCountry "BAN"]
[SourceTitle "playchess.com"]
[Source "ChessBase"]
[SourceQuality "1"]
[TimeControl "1500+10"]

1. e4 c5 2. Nf3 d6 3. c3 Nf6 4. d3 Nc6 5. Nbd2 e6 6. d4 cxd4 7. cxd4 Be7 8. Bd3 e5 9. d5 Nb4 10. Qa4+ Bd7 11. Qxb4 b6 12. O-O O-O 13. Nb3 Rc8 14. Be3 Ng4 15. Qd2 Nxe3 16. Qxe3 f5 17. exf5 Bxf5 18. Bxf5 Rxf5 19. Rfe1 Qd7 20. h3 Rcf8 21. Re2 Qb7 22. Rd1 Rc8 23. Qe4 Rf4 24. Qe3 Rfc4 25. Red2 Qc7 26. Ng5 Qd8 27. Ne6 Qe8 28. Qg3 Qf7 29. Rd3 g6 30. Rc3 Qf5 31. Rf3 Qe4 32. Re3 Qc2 33. Rc1 Qxb2 34. Rxc4 Rxc4 35. Re1 Qxa2 36. Qd3 Rc2 37. Rf1 Qb2 38. Na1 Rd2 39. Nc7 Rxd3 0-1

[Event "9th Bangabandhu Blitz Women 2021"]
[Site "Dhaka"]
[Date "2021.04.03"]
[Round "5.4"]
[White "Israt, Jahan Diba"]
[Black "Hamid, Rani"]
[Result "1-0"]
[ECO "B43"]
[WhiteElo "1675"]
[BlackElo "1920"]
[Annotator "NA"]
[PlyCount "61"]
[EventDate "2021.04.02"]
[EventType "swiss"]
[EventCountry "BAN"]
[SourceTitle "playchess.com"]
[Source "ChessBase"]
[SourceQuality "1"]
[TimeControl "1500+10"]

1. e4 c5 2. Nf3 e6 3. d4 cxd4 4. Nxd4 a6 5. Nc3 Qc7 6. Be3 Nf6 7. Be2 Bb4 8. Qd3 d5 9. exd5 Nxd5 10. Bd2 Bxc3 11. Bxc3 Nf4 12. Qf3 Nxe2 13. Nxe2 O-O 14. O-O Nc6 15. Qg4 f5 16. Qf3 Bd7 17. Nf4 b5 18. Qg3 Rf7 19. Rfe1 Re8 20. Rad1 Bc8 21. Qg5 b4 22. Bd2 a5 23. Nh5 Ref8 24. Bf4 e5 25. Be3 Nd4 26. Bxd4 exd4 27. Rxd4 Qxc2 28. Rd2 Qc6 29. Rd8 Bb7 30. Rxf8+ Rxf8 31. Qxg7# 1-0

[Event "9th Bangabandhu Blitz Women 2021"]
[Site "Dhaka"]
[Date "2021.04.03"]
[Round "7.1"]
[White "Sultana, Sharmin Shirin"]
[Black "Ahmed, Walijah"]
[Result "1-0"]
[ECO "D02"]
[WhiteElo "2006"]
[BlackElo "1902"]
[Annotator "ChessBase"]
[PlyCount "39"]
[EventDate "2021.04.02"]
[EventType "swiss"]
[EventCountry "BAN"]
[SourceTitle "playchess.com"]
[Source "ChessBase"]
[SourceQuality "1"]
[TimeControl "1500+10"]

1. d4 d5 2. Nf3 e6 3. Bf4 Nf6 4. e3 Bd6 5. Bg3 O-O 6. Bd3 c5 7. c3 Qc7 8. Nbd2 Nc6 9. dxc5 Bxg3 10. hxg3 e5 11. e4 g6 12. Qc2 Qe7 13. O-O-O Qxc5 14. exd5 Nxd5 15. Ne4 Qa5 16. Bc4 Nb6 17. Bb3 Kg7 18. Qd2 h5 19. Rxh5 f5 20. Qh6# 1-0

[Event "9th Bangabandhu Blitz Women 2021"]
[Site "Dhaka"]
[Date "2021.04.03"]
[Round "7.2"]
[White "Parveen, Tanima"]
[Black "Israt, Jahan Diba"]
[Result "1-0"]
[ECO "B22"]
[WhiteElo "1984"]
[BlackElo "1675"]
[Annotator "ChessBase"]
[PlyCount "112"]
[EventDate "2021.04.02"]
[EventType "swiss"]
[EventCountry "BAN"]
[SourceTitle "playchess.com"]
[Source "ChessBase"]
[SourceQuality "1"]
[TimeControl "1500+10"]

1. e4 c5 2. c3 d6 3. d4 cxd4 4. cxd4 Nf6 5. Bd3 e6 6. Nf3 Be7 7. O-O Nc6 8. a3 O-O 9. Nc3 a6 10. h3 b5 11. Re1 Bb7 12. Be3 Rc8 13. Rc1 Qd7 14. b4 Rfd8 15. Bb1 Bf8 16. Bg5 Be7 17. Qe2 h6 18. Be3 Qe8 19. Red1 a5 20. bxa5 Nxa5 21. Qxb5 Qxb5 22. Nxb5 Bxe4 23. Bd2 Nb3 24. Rxc8 Rxc8 25. Bb4 Bxf3 26. gxf3 Ne8 27. Ba2 Nc1 28. Bb1 Ne2+ 29. Kh2 Nf4 30. Kg3 Nd5 31. Bd2 Rb8 32. Bd3 Nec7 33. a4 Ra8 34. a5 Nxb5 35. Bxb5 Nc7 36. Bc6 Ra7 37. Rb1 Kh7 38. Rb7 Rxb7 39. Bxb7 Nb5 40. Be3 Bd8 41. Bc6 Na7 42. Be4+ f5 43. Bd3 Bxa5 44. d5 Nc8 45. dxe6 Kg6 46. Ba6 Ne7 47. Bd4 Bc7 48. f4 Nd5 49. Bb7 Ne7 50. f3 Kh7 51. Kf2 d5 52. Ke3 Ng6 53. Bxd5 Bxf4+ 54. Kd3 Bd6 55. Kc4 Nf4 56. Bc5 Bxc5 1-0

[Event "9th Bangabandhu Blitz Women 2021"]
[Site "Dhaka"]
[Date "2021.04.03"]
[Round "7.3"]
[White "Jannatul, Ferdous"]
[Black "Noshin, Anjum"]
[Result "1-0"]
[ECO "D02"]
[WhiteElo "1710"]
[BlackElo "1912"]
[Annotator "ChessBase"]
[PlyCount "105"]
[EventDate "2021.04.02"]
[EventType "swiss"]
[EventCountry "BAN"]
[SourceTitle "playchess.com"]
[Source "ChessBase"]
[SourceQuality "1"]
[TimeControl "1500+10"]

1. d4 d5 2. Bf4 Nf6 3. Nf3 c5 4. e3 Nc6 5. c3 Qb6 6. Qc1 Bf5 7. Nbd2 e6 8. h3 h6 9. Be2 Be7 10. O-O O-O 11. Ne5 Nxe5 12. dxe5 Ne4 13. f3 Nxd2 14. Qxd2 Bh7 15. Bg3 c4 16. Bf2 Bc5 17. Rfe1 Qc7 18. f4 Be4 19. Bd1 b5 20. Bc2 Bxc2 21. Qxc2 a5 22. a3 b4 23. cxb4 axb4 24. axb4 Bxb4 25. Red1 Rfb8 26. e4 dxe4 27. Qxe4 Rxa1 28. Rxa1 Bc5 29. Qc2 Bxf2+ 30. Kxf2 Qb6+ 31. Kf1 Qxb2 32. Qxb2 Rxb2 33. Rc1 Rb4 34. Rc3 Kf8 35. Kf2 Ke7 36. g4 Kd7 37. Ke3 Rb3 38. Kd4 Rb1 39. Rxc4 Rd1+ 40. Ke4 Rh1 41. Rc3 f5+ 42. gxf5 Re1+ 43. Kd4 exf5 44. Kd5 Rd1+ 45. Kc4 Rf1 46. Kd5 Rxf4 47. e6+ Ke7 48. Rc7+ Ke8 49. Rxg7 Rf3 50. Kd6 Rd3+ 51. Ke5 Rxh3 52. Kf6 Re3 53. Rg8# 1-0

[Event "9th Bangabandhu Blitz Women 2021"]
[Site "Dhaka"]
[Date "2021.04.03"]
[Round "7.4"]
[White "Talukder, Umme Taslima Protiva"]
[Black "Wadifa, Ahmed"]
[Result "1-0"]
[ECO "E61"]
[WhiteElo "1722"]
[BlackElo "1595"]
[Annotator "NA"]
[PlyCount "64"]
[EventDate "2021.04.02"]
[EventType "swiss"]
[EventCountry "BAN"]
[SourceTitle "playchess.com"]
[Source "ChessBase"]
[SourceQuality "1"]
[TimeControl "1500+10"]

1. d4 Nf6 2. c4 g6 3. Nc3 Bg7 4. e3 O-O 5. Nf3 d6 6. Be2 c5 7. O-O Nc6 8. b3 b6 9. Bb2 Bb7 10. d5 Nb4 11. a3 Na6 12. Rc1 Nc7 13. Qc2 e6 14. dxe6 Nxe6 15. Rcd1 Qe7 16. Rd2 Rfd8 17. Rfd1 Rd7 18. h3 a6 19. Nh2 Rad8 20. Ng4 Nxg4 21. Bxg4 h5 22. Be2 Nc7 23. e4 Ne6 24. Nd5 Bxb2 25. Nxe7+ Rxe7 26. Qxb2 Nd4 27. f3 a5 28. Bf1 Re5 29. b4 Rg5 30. Kh1 Re5 31. bxc5 dxc5 32. Qxb6 Bc6 1-0

[Event "9th Bangabandhu Blitz Women 2021"]
[Site "Dhaka"]
[Date "2021.04.03"]
[Round "8.2"]
[White "Jannatul, Ferdous"]
[Black "Parveen, Tanima"]
[Result "1/2-1/2"]
[ECO "D02"]
[WhiteElo "1710"]
[BlackElo "1984"]
[Annotator "NA"]
[PlyCount "71"]
[EventDate "2021.04.02"]
[EventType "swiss"]
[EventCountry "BAN"]
[SourceTitle "playchess.com"]
[Source "ChessBase"]
[SourceQuality "1"]
[TimeControl "1500+10"]

1. d4 d5 2. Bf4 Nf6 3. e3 e6 4. Nf3 c6 5. c3 Be7 6. Bd3 O-O 7. O-O Nbd7 8. Nbd2 b6 9. Qe2 Bb7 10. e4 dxe4 11. Nxe4 Nd5 12. Bg3 N7f6 13. Rfe1 Nxe4 14. Bxe4 Nf6 15. Bc2 c5 16. Rad1 Qc8 17. h3 Qc6 18. Be5 Rad8 19. dxc5 Qxc5 20. Bxf6 Bxf6 21. Be4 Bxe4 22. Qxe4 g6 23. Qe2 Qa5 24. a3 Qh5 25. Rxd8 Rxd8 26. Rd1 Rd5 27. Rxd5 Qxd5 28. Qd2 Qb5 29. Ne1 e5 30. Nf3 e4 31. Nd4 Qd5 32. Nf3 Qe6 33. Nd4 Qd6 34. Nf3 Qe6 35. Nd4 Qd6 36. Nf3 1/2-1/2

[Event "9th Bangabandhu Blitz Women 2021"]
[Site "Dhaka"]
[Date "2021.04.03"]
[Round "8.3"]
[White "Talukder, Umme Taslima Protiva"]
[Black "Noshin, Anjum"]
[Result "1-0"]
[ECO "D47"]
[WhiteElo "1722"]
[BlackElo "1912"]
[Annotator "NA"]
[PlyCount "63"]
[EventDate "2021.04.02"]
[EventType "swiss"]
[EventCountry "BAN"]
[SourceTitle "playchess.com"]
[Source "ChessBase"]
[SourceQuality "1"]
[TimeControl "1500+10"]

1. d4 d5 2. c4 c6 3. Nc3 Nf6 4. e3 e6 5. Nf3 Nbd7 6. Bd3 dxc4 7. Bxc4 b5 8. Be2 a6 9. O-O Be7 10. b3 c5 11. Bb2 cxd4 12. Nxd4 Bb7 13. Bf3 Qc7 14. Rc1 Qb6 15. Bxb7 Qxb7 16. Qf3 Qxf3 17. Nxf3 O-O 18. Rfd1 Rfd8 19. Ne2 Nb6 20. Ned4 Rac8 21. Rxc8 Rxc8 22. Rc1 Rxc1+ 23. Bxc1 Nfd5 24. Bd2 Bb4 25. Bxb4 Nxb4 26. a3 Nd3 27. Kf1 f6 28. Nxe6 Nc1 29. Nfd4 Kf7 30. Nc7 Nd7 31. Nxa6 Nc5 32. Nxc5 1-0

[Event "9th Bangabandhu Blitz Women 2021"]
[Site "Dhaka"]
[Date "2021.04.03"]
[Round "8.4"]
[White "Israt, Jahan Diba"]
[Black "Wadifa, Ahmed"]
[Result "1-0"]
[ECO "B43"]
[WhiteElo "1675"]
[BlackElo "1595"]
[Annotator "NA"]
[PlyCount "83"]
[EventDate "2021.04.02"]
[EventType "swiss"]
[EventCountry "BAN"]
[SourceTitle "playchess.com"]
[Source "ChessBase"]
[SourceQuality "1"]
[TimeControl "1500+10"]

1. e4 c5 2. Nf3 e6 3. d4 cxd4 4. Nxd4 a6 5. Nc3 Qc7 6. Be3 Bb4 7. Qd3 Nf6 8. f3 d5 9. exd5 Nxd5 10. Bd2 Nxc3 11. Bxc3 Bxc3+ 12. bxc3 O-O 13. Be2 Bd7 14. O-O Nc6 15. Rab1 Rac8 16. c4 h6 17. f4 Rfd8 18. Nxc6 Bxc6 19. Qg3 Qa5 20. a3 Kh8 21. Bd3 Qxa3 22. Rfe1 Qd6 23. Re3 Qd7 24. Qg4 f5 25. Qh5 Qe7 26. Rh3 Be8 27. Qf3 Qf6 28. Rg3 Rd7 29. Qf2 Rdc7 30. Qf3 Bc6 31. Qf2 Qc3 32. Bxf5 exf5 33. Rxc3 Bd7 34. Qd4 Bc6 35. Qe3 Be4 36. Rc1 Rxc4 37. Rxc4 Rxc4 38. Qb3 Rc7 39. Qb6 Rd7 40. Re1 Re7 41. Qc5 Rd7 42. Qc8+ 1-0

[Event "9th Bangabandhu Blitz Women 2021"]
[Site "Dhaka"]
[Date "2021.04.03"]
[Round "9.1"]
[White "Sultana, Sharmin Shirin"]
[Black "Hamid, Rani"]
[Result "1/2-1/2"]
[ECO "D37"]
[WhiteElo "2006"]
[BlackElo "1920"]
[Annotator "ChessBase"]
[PlyCount "41"]
[EventDate "2021.04.02"]
[EventType "swiss"]
[EventCountry "BAN"]
[SourceTitle "playchess.com"]
[Source "ChessBase"]
[SourceQuality "1"]
[TimeControl "180+2"]

1. d4 d5 2. Nf3 Nf6 3. c4 e6 4. Nc3 Be7 5. Bf4 c6 6. e3 O-O 7. h3 b6 8. Qc2 Ba6 9. b3 Nbd7 10. Be2 Rc8 11. O-O c5 12. cxd5 Bxe2 13. Qxe2 exd5 14. dxc5 Nxc5 15. Rac1 Nce4 16. Nb5 a6 17. Nbd4 Nc3 18. Qxa6 Nfe4 19. Kh1 Ra8 20. Qb7 Rxa2 21. Bc7 1/2-1/2

[Event "9th Bangabandhu Blitz Women 2021"]
[Site "Dhaka"]
[Date "2021.04.03"]
[Round "9.2"]
[White "Parveen, Tanima"]
[Black "Kazi Zarin, Tasnim"]
[Result "1-0"]
[ECO "C42"]
[WhiteElo "1984"]
[BlackElo "1425"]
[Annotator "ChessBase"]
[PlyCount "57"]
[EventDate "2021.04.02"]
[EventType "swiss"]
[EventCountry "BAN"]
[SourceTitle "playchess.com"]
[Source "ChessBase"]
[SourceQuality "1"]
[TimeControl "180+2"]

1. e4 e5 2. Nf3 Nf6 3. Nxe5 Nc6 4. Nxc6 dxc6 5. d3 Bc5 6. Be2 h5 7. c3 Ng4 8. d4 Be7 9. h3 Nf6 10. Bf3 Be6 11. O-O g6 12. Be3 a5 13. Qe2 b5 14. Nd2 Bd7 15. a4 b4 16. Nc4 O-O 17. Ne5 Rb8 18. Qc4 Qe8 19. Nxg6 Be6 20. Nxe7+ Qxe7 21. d5 cxd5 22. exd5 Bf5 23. Bc5 Qd7 24. Bxf8 Rxf8 25. Rad1 Qd6 26. Qh4 Bg6 27. Rfe1 c6 28. dxc6 Qc7 29. Qxf6 1-0

[Event "9th Bangabandhu Blitz Women 2021"]
[Site "Dhaka"]
[Date "2021.04.03"]
[Round "9.3"]
[White "Israt, Jahan Diba"]
[Black "Jannatul, Ferdous"]
[Result "1/2-1/2"]
[ECO "B00"]
[WhiteElo "1675"]
[BlackElo "1710"]
[Annotator "NA"]
[PlyCount "124"]
[EventDate "2021.04.02"]
[EventType "swiss"]
[EventCountry "BAN"]
[SourceTitle "playchess.com"]
[Source "ChessBase"]
[SourceQuality "1"]
[TimeControl "180+2"]

1. e4 b6 2. d4 Bb7 3. Nc3 g6 4. Nf3 Bg7 5. Bd3 d6 6. Be3 Nd7 7. O-O c5 8. dxc5 dxc5 9. Qd2 Ngf6 10. Rad1 O-O 11. Bh6 Re8 12. h3 e5 13. Rfe1 Qe7 14. Bc4 Rad8 15. Qc1 Nb8 16. Bxg7 Kxg7 17. Rd2 Rxd2 18. Qxd2 Rd8 19. Qe2 Nc6 20. Ng5 Rf8 21. Nd5 Nxd5 22. exd5 Qxg5 23. dxc6 Bxc6 24. Qxe5+ Qxe5 25. Rxe5 Kf6 26. Re3 Rd8 27. Re2 Rd1+ 28. Kh2 Rd4 29. Ba6 Ra4 30. Bc8 Rxa2 31. b3 a5 32. Rd2 Ke7 33. Bg4 a4 34. bxa4 Bxa4 35. Re2+ Kf6 36. c3 Rxe2 37. Bxe2 Ke5 38. Kg3 Ke4 39. Bc4 f6 40. Bg8 h6 41. Bh7 Kf5 42. Kf3 Bc6+ 43. Kg3 b5 44. f3 b4 45. cxb4 cxb4 46. Bg8 Ba4 47. Bc4 Bc2 48. f4 b3 49. Kf3 g5 50. fxg5 fxg5 51. Bg8 Kf6 52. Kg4 b2 53. Ba2 b1=Q 54. Bxb1 Bxb1 55. Kh5 Kg7 56. h4 gxh4 57. Kxh4 Kg6 58. Kg4 h5+ 59. Kh4 Kh6 60. g4 hxg4 61. Kxg4 Kh7 62. Kh5 Kg7 1/2-1/2

[Event "9th Bangabandhu Blitz Women 2021"]
[Site "Dhaka"]
[Date "2021.04.03"]
[Round "9.4"]
[White "Sabikun Nahar, Tonima"]
[Black "Talukder, Umme Taslima Protiva"]
[Result "0-1"]
[ECO "A22"]
[WhiteElo "1533"]
[BlackElo "1722"]
[Annotator "NA"]
[PlyCount "150"]
[EventDate "2021.04.02"]
[EventType "swiss"]
[EventCountry "BAN"]
[SourceTitle "playchess.com"]
[Source "ChessBase"]
[SourceQuality "1"]
[TimeControl "180+2"]

1. c4 e5 2. Nc3 d6 3. g3 Nf6 4. Bg2 Be7 5. e3 c6 6. Nge2 Be6 7. b3 Nbd7 8. O-O O-O 9. h3 Qc7 10. Bb2 Nc5 11. d4 Ncd7 12. Rc1 Rfd8 13. d5 Bf5 14. a3 Nc5 15. e4 Ncxe4 16. dxc6 bxc6 17. Na4 Ng5 18. h4 Ne6 19. b4 Rab8 20. Nac3 Nf8 21. Qd2 N6d7 22. f3 Be6 23. Ne4 f5 24. Ng5 Nf6 25. Nxe6 Nxe6 26. Rfd1 Rd7 27. Qe1 Rbd8 28. Qf2 Qb6 29. Kf1 Qxf2+ 30. Kxf2 Bf8 31. Bh3 g6 32. Nc3 Nd4 33. Na4 Ne6 34. Nc3 Kf7 35. Ne2 Bg7 36. Nc3 Bh6 37. Rb1 Nd4 38. Bf1 d5 39. c5 Rb8 40. Na4 Nb5 41. Nc3 Nxc3 42. Bxc3 d4 43. Ba1 Nd5 44. Bc4 Kf6 45. Bxd5 Rxd5 46. Bb2 Be3+ 47. Kg2 e4 48. fxe4 fxe4 49. Rf1+ Ke5 50. Rfe1 Kf5 51. Rf1+ Ke6 52. Rfe1 Rf8 53. Kh3 h5 54. Rbd1 Rf2 55. Bc1 Kf5 56. Bxe3 dxe3 57. Rxd5+ cxd5 58. Rxe3 Ke5 59. b5 Rc2 60. c6 Rc5 61. a4 d4 62. Rb3 e3 63. Kg2 Ke4 64. a5 d3 65. b6 axb6 66. axb6 Rxc6 67. b7 d2 68. b8=Q d1=Q 69. Qe8+ Kd5 70. Qf7+ Kc5 71. Rc3+ Kb6 72. Qb3+ Kc7 73. Qf7+ Qd7 74. Qf4+ Kc8 75. Rxc6+ Qxc6+ 0-1